Canadiens vs Oilers
(R1)
Created - May 11, 2023 at 19:20
Goals
|
| Canadiens |
0 |
1 |
0 |
0 |
1 |
| Oilers |
0 |
0 |
1 |
1 |
2 |
|
Shots
|
| Canadiens |
9 |
11 |
3 |
0 |
23 |
| Oilers |
14 |
7 |
10 |
3 |
34 |
|
1st period
No Goal
Penalties :
Nick Bjugstad (Edm) for High sticking (Minor) at 2:33
2nd period
1. Canadiens , Brian Dumoulin 5 (Jordan Szwarz 22, Mika Zibanejad 46) at 16:59
Penalties :
Jean-Gabriel Pageau (Mon) for Elbowing (Minor) at 17:23
3rd period
2. Oilers , Claude Giroux 44 (Ryan Nugent-Hopkins 36, David Pastrnak 31) at 0:08
Penalties :
Chris Kreider (Mon) for Hooking (Minor) at 0:17, Trevor Daley (Edm) for Boarding (Double Minor) at 13:16, Adam Fox (Mon) for Interference (Minor) at 13:40
Overtime #1
3. Oilers , Claude Giroux 45 (Connor McDavid 48, Brady Skjei 36) at 0:35
Penalties :
No Penalty
Goalie Stats
Robin Lehner (Mon), 32 saves from 34 shots - (0.941), OTL, 24-29-10, 60:35 minutes
James Reimer (Edm), 22 saves from 23 shots - (0.957), W, 31-26-6, 60:35 minutes
Players Stats for Canadiens
Player Name G A P +/- PIM S H SB GA TA FO MP PP MP PK MP
------------------------------------------------------------------------------------
Adam Fox 0 0 0 -1 2 0 0 2 0 0 0/0 20:38 2:22 0:00
Brandon Bollig 0 0 0 0 0 2 1 0 1 0 0/0 10:25 0:15 1:31
Brian Dumoulin 1 0 1 0 0 1 0 0 1 1 0/0 14:58 0:25 0:00
Cam Fowler 0 0 0 -1 0 0 0 2 2 0 0/0 23:46 1:36 2:25
Chris Kreider 0 0 0 -2 2 1 2 0 0 0 0/1 20:04 1:56 0:00
Corban Knight 0 0 0 0 0 2 1 0 0 0 1/2 10:23 0:26 1:34
Greg Stewart 0 0 0 1 0 5 2 2 1 0 0/0 18:02 1:48 0:00
Jean-Gabriel Pageau 0 0 0 -2 2 2 0 1 1 0 9/19 17:17 1:32 0:00
Jordan Szwarz 0 1 1 1 0 1 1 0 1 0 0/1 17:21 0:00 0:00
Kevin Shattenkirk 0 0 0 -1 0 1 4 2 3 0 0/0 24:13 1:59 1:33
Mark Stuart 0 0 0 0 0 0 0 2 1 0 0/0 22:45 1:36 2:25
Mattias Tedenby 0 0 0 0 0 1 0 0 0 0 0/1 7:56 0:00 0:00
Mika Zibanejad 0 1 1 1 0 3 0 0 1 0 11/24 18:51 2:01 0:00
Mike Richards 0 0 0 0 0 0 0 0 0 0 4/7 13:44 0:00 2:24
Nikita Kucherov 0 0 0 -1 0 4 0 0 1 1 0/0 16:29 2:10 0:00
Rickard Rakell 0 0 0 0 0 0 1 0 0 1 0/0 10:30 1:48 0:00
Scott Hartnell 0 0 0 0 0 0 2 0 0 1 0/0 14:08 0:00 2:27
Sean Zimmerman 0 0 0 1 0 0 0 0 0 0 0/0 14:50 0:00 1:33
Players Stats for Oilers
Player Name G A P +/- PIM S H SB GA TA FO MP PP MP PK MP
------------------------------------------------------------------------------------
Brady Skjei 0 1 1 2 0 1 0 1 0 2 0/0 26:41 2:06 2:18
Cam Barker 0 0 0 -1 0 0 0 0 0 3 0/0 20:00 1:52 1:31
Claude Giroux 2 0 2 1 0 8 2 0 0 0 2/2 22:53 1:45 1:48
Connor McDavid 0 1 1 1 0 5 1 0 2 0 8/20 18:08 2:13 1:47
Dalton Prout 0 0 0 -1 0 1 1 2 0 2 0/0 20:12 1:52 1:31
David Pastrnak 0 1 1 0 0 2 2 0 0 1 1/2 20:23 2:13 0:10
Dennis Everberg 0 0 0 0 0 1 0 1 0 0 0/0 7:22 0:00 0:00
Jake Gardiner 0 0 0 2 0 1 4 2 1 0 0/0 26:41 2:06 2:18
James Neal 0 0 0 0 0 2 2 0 0 0 0/0 13:54 0:00 0:56
Leon Draisaitl 0 0 0 0 0 1 0 1 0 0 0/0 16:35 2:13 1:31
Mark Stone 0 0 0 0 0 1 1 0 0 0 0/0 11:56 0:00 0:00
Nick Bjugstad 0 0 0 0 2 0 0 0 0 2 0/0 14:23 1:45 0:00
Peter Mueller 0 0 0 0 0 3 0 0 0 0 2/3 8:21 0:00 1:02
Ryan Getzlaf 0 0 0 0 0 0 1 1 1 1 1/3 13:24 0:00 0:10
Ryan Nugent-Hopkins 0 1 1 0 0 3 0 0 0 1 16/24 21:18 1:45 0:44
Tobias Enstrom 0 0 0 0 0 1 1 0 0 1 0/0 13:54 0:00 0:10
Trevor Daley 0 0 0 0 4 1 0 2 0 0 0/0 13:31 0:00 0:00
Zach Hyman 0 0 0 0 0 3 1 0 0 0 0/1 6:44 0:00 0:00
3 Stars
1 - Claude Giroux (Edm)
2 - James Reimer (Edm)
3 - Robin Lehner (Mon)
Power Play
Canadiens - 0 on 3 Attempt(s) - 0.00%
Oilers - 0 on 3 Attempt(s) - 0.00%
Penalty Kill
Canadiens - 3 on 3 Attempt(s) - 100.00%
- Score 0 goal in Penalty Kill
Oilers - 3 on 3 Attempt(s) - 100.00%
- Score 0 goal in Penalty Kill
Team Stat
Canadiens - Hits : 14 - Faceoff Wins : 25 - Blocked Shots : 11 - Penalty Minutes : 6
Oilers - Hits : 16 - Faceoff Wins : 30 - Blocked Shots : 10 - Penalty Minutes : 6
Official
Referees : Michael Markovic and Graham Skilliter
Linesman : Steve Barton and Kory Nagy
Game Notes
10:49 of 2nd period - Oilers goal is going for a video replay. After video review, No Goal. The referee deems the play has been stopped, even if he had not physically had the opportunity to stop play by blowing his whistle.
Finance
Level 1 -- Attendance: 5556 (92.60%) -- Ticket Income $555,600
Level 2 -- Attendance: 5000 (100.00%) -- Ticket Income $300,000
Level 3 -- Attendance: 2000 (100.00%) -- Ticket Income $70,000
Level 4 -- Attendance: 3608 (90.20%) -- Ticket Income $90,200
Luxury Box -- Attendance: 1000 (100.00%) -- Ticket Income $200,000
Game was played at the Rodgers Place.
Total Attendance: 17164 (95.36%)
Total Ticket Income: $1,215,800
Other Income: $182,370
Total Income: $1,398,170
Canadiens
5 vs 5 Forward
Center Left Wing Right Wing Time % Phy DF OF
1 Jean-Gabriel Pageau Chris Kreider Nikita Kucherov 35 0 0 5
2 Mika Zibanejad Greg Stewart Jordan Szwarz 35 0 0 5
3 Mike Richards Scott Hartnell Rickard Rakell 20 0 2 3
4 Corban Knight Brandon Bollig Mattias Tedenby 10 0 2 3
5 vs 5 Defense
Defense Defense Time % Phy DF OF
1 Kevin Shattenkirk Cam Fowler 40 0 3 2
2 Mark Stuart Adam Fox 30 0 3 2
3 Brian Dumoulin Sean Zimmerman 20 0 3 2
4 Cam Fowler Kevin Shattenkirk 10 0 3 2
PowerPlay Forward
Center Left Wing Right Wing Time % Phy DF OF
1 Mika Zibanejad Chris Kreider Nikita Kucherov 60 0 0 5
2 Jean-Gabriel Pageau Greg Stewart Rickard Rakell 40 0 1 4
PowerPlay Defense
Defense Defense Time % Phy DF OF
1 Kevin Shattenkirk Adam Fox 60 0 1 4
2 Cam Fowler Mark Stuart 40 0 1 4
Penalty Kill 4 Players Forward
Center Wing Time % Phy DF OF
1 Mike Richards Scott Hartnell 60 0 4 1
2 Corban Knight Brandon Bollig 40 0 4 1
Penalty Kill 4 Players Defense
Defense Defense Time % Phy DF OF
1 Cam Fowler Mark Stuart 60 0 5 0
2 Sean Zimmerman Kevin Shattenkirk 40 0 5 0
Penalty Kill - 3 Players Forward
Forward Time % Phy DF OF
1 Jean-Gabriel Pageau 60 0 5 0
2 Mika Zibanejad 40 0 5 0
Penalty Kill - 3 Players Defense
Defense Defense Time % Phy DF OF
1 Cam Fowler Mark Stuart 60 0 5 0
2 Sean Zimmerman Kevin Shattenkirk 40 0 5 0
4 vs 4 Forward
Center Wing Time % Phy DF OF
1 Jean-Gabriel Pageau Chris Kreider 60 0 2 3
2 Mika Zibanejad Nikita Kucherov 40 0 2 3
4 vs 4 Defense
Defense Defense Time % Phy DF OF
1 Adam Fox Brian Dumoulin 60 0 2 3
2 Cam Fowler Mark Stuart 40 1 2 2
Last Minutes Offensive
Center Left Wing Right Wing Defense Defense
Mika Zibanejad Chris Kreider Nikita Kucherov Kevin Shattenkirk Cam Fowler
Last Minutes Defensive
Center Left Wing Right Wing Defense Defense
Jean-Gabriel Pageau Scott Hartnell Jordan Szwarz Mark Stuart Cam Fowler
Goaltenders
Starting : Robin Lehner
Backup : Allen York
Extra Forwards
Normal : Chris Kreider, Mika Zibanejad, Jean-Gabriel Pageau - PP : Chris Kreider, Mika Zibanejad - PK : Scott Hartnell
Extra Defensemen
Normal : Kevin Shattenkirk, Cam Fowler, Mark Stuart - PP : Kevin Shattenkirk - PK : Cam Fowler, Mark Stuart
Penalty Shots
Chris Kreider, Jean-Gabriel Pageau, Mika Zibanejad, Nikita Kucherov, Rickard Rakell
Scratches
Philip Larsen (Healthy)
Oilers
5 vs 5 Forward
Center Left Wing Right Wing Time % Phy DF OF
1 Ryan Nugent-Hopkins Claude Giroux David Pastrnak 40 1 2 2
2 Connor McDavid Leon Draisaitl Nick Bjugstad 30 1 2 2
3 Ryan Getzlaf James Neal Mark Stone 20 1 2 2
4 Peter Mueller Zach Hyman Dennis Everberg 10 1 2 2
5 vs 5 Defense
Defense Defense Time % Phy DF OF
1 Brady Skjei Jake Gardiner 40 1 2 2
2 Cam Barker Dalton Prout 30 1 2 2
3 Tobias Enstrom Trevor Daley 20 1 2 2
4 Brady Skjei Jake Gardiner 10 1 2 2
PowerPlay Forward
Center Left Wing Right Wing Time % Phy DF OF
1 Connor McDavid Leon Draisaitl David Pastrnak 60 1 2 2
2 Ryan Nugent-Hopkins Claude Giroux Nick Bjugstad 40 1 2 2
PowerPlay Defense
Defense Defense Time % Phy DF OF
1 Brady Skjei Jake Gardiner 60 1 2 2
2 Cam Barker Dalton Prout 40 1 2 2
Penalty Kill 4 Players Forward
Center Wing Time % Phy DF OF
1 Connor McDavid Claude Giroux 60 1 2 2
2 Ryan Nugent-Hopkins Leon Draisaitl 40 1 2 2
Penalty Kill 4 Players Defense
Defense Defense Time % Phy DF OF
1 Brady Skjei Jake Gardiner 60 1 2 2
2 Cam Barker Dalton Prout 40 1 2 2
Penalty Kill - 3 Players Forward
Forward Time % Phy DF OF
1 Connor McDavid 60 1 2 2
2 Ryan Nugent-Hopkins 40 1 2 2
Penalty Kill - 3 Players Defense
Defense Defense Time % Phy DF OF
1 Brady Skjei Jake Gardiner 60 1 2 2
2 Cam Barker Dalton Prout 40 1 2 2
4 vs 4 Forward
Center Wing Time % Phy DF OF
1 Connor McDavid Claude Giroux 60 1 2 2
2 Ryan Nugent-Hopkins Leon Draisaitl 40 1 2 2
4 vs 4 Defense
Defense Defense Time % Phy DF OF
1 Brady Skjei Jake Gardiner 60 1 2 2
2 Cam Barker Dalton Prout 40 1 2 2
Last Minutes Offensive
Center Left Wing Right Wing Defense Defense
Connor McDavid Claude Giroux David Pastrnak Brady Skjei Jake Gardiner
Last Minutes Defensive
Center Left Wing Right Wing Defense Defense
Connor McDavid Claude Giroux David Pastrnak Brady Skjei Jake Gardiner
Goaltenders
Starting : James Reimer
Backup : Jonas Hiller
Extra Forwards
Normal : Leon Draisaitl, Ryan Nugent-Hopkins, Ryan Getzlaf - PP : Leon Draisaitl, Ryan Nugent-Hopkins - PK : Leon Draisaitl
Extra Defensemen
Normal : Dalton Prout, Tobias Enstrom, Trevor Daley - PP : Dalton Prout - PK : Dalton Prout, Tobias Enstrom
Penalty Shots
Claude Giroux, Connor McDavid, David Pastrnak, Nick Bjugstad, Leon Draisaitl
Scratches
Marcus Pettersson (Left Leg Injury)
% Time on Ice - Canadiens
Lines # - Real PCT - Wanted PCT - Time Play
Normal Forward
1 - 32% - 35% - 16:00
2 - 35% - 35% - 17:42
3 - 18% - 20% - 9:12
4 - 14% - 10% - 7:10
Normal Defense
1 - 35% - 40% - 17:39
2 - 38% - 30% - 19:07
3 - 24% - 20% - 11:48
4 - 3% - 10% - 1:30
PP Forward
1 - 55% - 60% - 2:11
2 - 45% - 40% - 1:48
PP Defense
1 - 60% - 60% - 2:23
2 - 40% - 40% - 1:36
PK Forward
1 - 79% - 60% - 3:08
2 - 21% - 40% - 0:50
PK Defense
1 - 61% - 60% - 2:25
2 - 39% - 40% - 1:33
PK3 Forward
1 - 0% - 60%
2 - 0% - 40%
PK3 Defense
1 - 0% - 60%
2 - 0% - 40%
44 Forward
1 - 84% - 60% - 2:10
2 - 16% - 40% - 0:24
44 Defense
1 - 64% - 60% - 1:38
2 - 36% - 40% - 0:56
Last Minute Offensive - 0:00
Last Minute Defensive - 0:00
Total
Forward - 60:35
Defense - 60:35
|
% Time on Ice - Oilers
Lines # - Real PCT - Wanted PCT - Time Play
Normal Forward
1 - 36% - 40% - 18:08
2 - 26% - 30% - 13:16
3 - 24% - 20% - 11:56
4 - 13% - 10% - 6:44
Normal Defense
1 - 35% - 40% - 17:29
2 - 35% - 30% - 17:40
3 - 25% - 20% - 12:31
4 - 5% - 10% - 2:24
PP Forward
1 - 56% - 60% - 2:13
2 - 44% - 40% - 1:45
PP Defense
1 - 53% - 60% - 2:06
2 - 47% - 40% - 1:52
PK Forward
1 - 82% - 60% - 3:15
2 - 18% - 40% - 0:44
PK Defense
1 - 62% - 60% - 2:28
2 - 38% - 40% - 1:31
PK3 Forward
1 - 0% - 60%
2 - 0% - 40%
PK3 Defense
1 - 0% - 60%
2 - 0% - 40%
44 Forward
1 - 84% - 60% - 2:10
2 - 16% - 40% - 0:24
44 Defense
1 - 63% - 60% - 1:37
2 - 37% - 40% - 0:57
Last Minute Offensive - 0:00
Last Minute Defensive - 0:00
Total
Forward - 60:35
Defense - 60:35
|
Play-by-Play
1st period
0:01 of 1st period - Ryan Nugent-Hopkins wins face-off versus Jean-Gabriel Pageau in neutral zone.
0:30 of 1st period - Snap shot by Greg Stewart.
0:30 of 1st period - Stopped by James Reimer without a rebound.
0:31 of 1st period - Connor McDavid wins face-off versus Mika Zibanejad in Oilers zone.
1:21 of 1st period - Wrist shot by Ryan Nugent-Hopkins.
1:21 of 1st period - Stopped by Robin Lehner with a rebound.
1:23 of 1st period - Slapshot by Dalton Prout.
1:23 of 1st period - Stopped by Robin Lehner without a rebound.
1:24 of 1st period - Ryan Nugent-Hopkins wins face-off versus Chris Kreider in Canadiens zone.
1:27 of 1st period - Slapshot by Ryan Nugent-Hopkins.
1:27 of 1st period - Stopped by Robin Lehner without a rebound.
1:28 of 1st period - Jean-Gabriel Pageau wins face-off versus Zach Hyman in Canadiens zone.
1:33 of 1st period - Wrist shot by Nikita Kucherov.
1:33 of 1st period - Shot Blocked by Trevor Daley.
1:35 of 1st period - Snap shot by Jean-Gabriel Pageau.
1:35 of 1st period - Shot Misses the Net.
1:37 of 1st period - Wrist shot by Jean-Gabriel Pageau.
1:37 of 1st period - Stopped by James Reimer without a rebound.
1:38 of 1st period - Mika Zibanejad wins face-off versus Peter Mueller in Oilers zone.
1:38 of 1st period - Kevin Shattenkirk is hit by Jake Gardiner and loses puck.
1:51 of 1st period - Wrist shot by Peter Mueller.
1:51 of 1st period - Shot Blocked by Kevin Shattenkirk.
2:01 of 1st period - Slapshot by Jake Gardiner.
2:01 of 1st period - Stopped by Robin Lehner with a rebound.
2:03 of 1st period - Wrist shot by Dennis Everberg.
2:03 of 1st period - Shot Misses the Net.
2:05 of 1st period - Slapshot by Dennis Everberg.
2:05 of 1st period - Stopped by Robin Lehner with a rebound.
2:12 of 1st period - Off-side.
2:13 of 1st period - Jean-Gabriel Pageau wins face-off versus Ryan Nugent-Hopkins in neutral zone.
2:20 of 1st period - Snap shot by Nikita Kucherov.
2:20 of 1st period - Shot Misses the Net.
2:22 of 1st period - Wrist shot by Jean-Gabriel Pageau.
2:22 of 1st period - Stopped by James Reimer with a rebound.
2:24 of 1st period - Snap shot by Nikita Kucherov.
2:24 of 1st period - Stopped by James Reimer without a rebound.
2:25 of 1st period - Mika Zibanejad wins face-off versus Connor McDavid in Oilers zone.
2:33 of 1st period - Minor Penalty to Nick Bjugstad for High sticking.
2:34 of 1st period - Connor McDavid wins face-off versus Mika Zibanejad in Oilers zone.
4:33 of 1st period - Penalty to Nick Bjugstad is over, Nick Bjugstad is back on ice.
5:00 of 1st period - Snap shot by Peter Mueller.
5:00 of 1st period - Stopped by Robin Lehner without a rebound.
5:01 of 1st period - Mike Richards wins face-off versus Ryan Nugent-Hopkins in Canadiens zone.
5:10 of 1st period - Wrist shot by Claude Giroux.
5:10 of 1st period - Shot Misses the Net.
5:26 of 1st period - Tobias Enstrom is hit by Brandon Bollig.
5:54 of 1st period - Wrist shot by Nikita Kucherov.
5:54 of 1st period - Shot Misses the Net.
5:56 of 1st period - Wrist shot by Nikita Kucherov.
5:56 of 1st period - Stopped by James Reimer without a rebound.
5:57 of 1st period - Mika Zibanejad wins face-off versus Ryan Nugent-Hopkins in Oilers zone.
6:24 of 1st period - Jean-Gabriel Pageau is hit by Dalton Prout.
6:44 of 1st period - Sean Zimmerman is hit by Ryan Getzlaf and loses puck.
7:11 of 1st period - Snap shot by Mika Zibanejad.
7:11 of 1st period - Deflect By Jordan Szwarz.
7:11 of 1st period - Shot Blocked by Brady Skjei.
7:11 of 1st period - Puck is out of play.
7:12 of 1st period - Ryan Nugent-Hopkins wins face-off versus Mika Zibanejad in Oilers zone.
7:46 of 1st period - Wrist shot by Leon Draisaitl.
7:46 of 1st period - Stopped by Robin Lehner with a rebound.
8:04 of 1st period - Rickard Rakell is hit by Jake Gardiner.
8:12 of 1st period - Wrist shot by Mike Richards.
8:12 of 1st period - Shot Blocked by Ryan Getzlaf.
8:18 of 1st period - Jake Gardiner is hit by Kevin Shattenkirk and loses puck.
9:36 of 1st period - Wrist shot by Scott Hartnell.
9:36 of 1st period - Shot Misses the Net.
9:54 of 1st period - Slapshot by James Neal.
9:54 of 1st period - Stopped by Robin Lehner without a rebound.
9:55 of 1st period - Ryan Nugent-Hopkins wins face-off versus Mika Zibanejad in Canadiens zone.
10:02 of 1st period - Snap shot by Ryan Nugent-Hopkins.
10:02 of 1st period - Stopped by Robin Lehner without a rebound.
10:03 of 1st period - Ryan Nugent-Hopkins wins face-off versus Mika Zibanejad in Canadiens zone.
10:14 of 1st period - Sean Zimmerman is hit by Tobias Enstrom and loses puck.
10:35 of 1st period - Snap shot by Greg Stewart.
10:35 of 1st period - Stopped by James Reimer without a rebound.
10:36 of 1st period - Jean-Gabriel Pageau wins face-off versus Connor McDavid in Oilers zone.
10:53 of 1st period - Wrist shot by Connor McDavid.
10:53 of 1st period - Stopped by Robin Lehner without a rebound.
10:54 of 1st period - Mika Zibanejad wins face-off versus Ryan Nugent-Hopkins in Canadiens zone.
11:17 of 1st period - Icing by Claude Giroux.
11:18 of 1st period - Ryan Nugent-Hopkins wins face-off versus Jean-Gabriel Pageau in Oilers zone.
11:27 of 1st period - Adam Fox is hit by Connor McDavid and loses puck.
11:46 of 1st period - Icing by Connor McDavid.
11:47 of 1st period - Ryan Nugent-Hopkins wins face-off versus Mika Zibanejad in Oilers zone.
12:20 of 1st period - Mark Stone is hit by Chris Kreider and loses puck.
13:05 of 1st period - Slapshot by Kevin Shattenkirk.
13:05 of 1st period - Stopped by James Reimer with a rebound.
14:31 of 1st period - Slapshot by Claude Giroux.
14:31 of 1st period - Stopped by Robin Lehner with a rebound.
14:37 of 1st period - Snap shot by Claude Giroux.
14:37 of 1st period - Stopped by Robin Lehner without a rebound.
14:38 of 1st period - Jean-Gabriel Pageau wins face-off versus Ryan Getzlaf in Canadiens zone.
14:51 of 1st period - Slapshot by James Neal.
14:51 of 1st period - Stopped by Robin Lehner without a rebound.
14:52 of 1st period - Ryan Nugent-Hopkins wins face-off versus Jordan Szwarz in Canadiens zone.
15:48 of 1st period - James Neal is hit by Scott Hartnell and loses puck.
16:50 of 1st period - Wrist shot by Nikita Kucherov.
16:50 of 1st period - Stopped by James Reimer with a rebound.
17:20 of 1st period - Snap shot by Corban Knight.
17:20 of 1st period - Stopped by James Reimer without a rebound.
17:21 of 1st period - Mika Zibanejad wins face-off versus Ryan Nugent-Hopkins in Oilers zone.
18:37 of 1st period - Sean Zimmerman is hit by Zach Hyman and loses puck.
19:32 of 1st period - Backhand shot by James Neal.
19:32 of 1st period - Shot Blocked by Mark Stuart.
19:54 of 1st period - Icing by Kevin Shattenkirk.
19:55 of 1st period - Peter Mueller wins face-off versus Mika Zibanejad in Canadiens zone.
19:58 of 1st period - Slapshot by Zach Hyman.
19:58 of 1st period - Stopped by Robin Lehner with a rebound.
Goals for this period are 0 for Canadiens vs 0 for Oilers.
Shots for this period are 9 for Canadiens vs 14 for Oilers.
2nd period
0:01 of 2nd period - Ryan Nugent-Hopkins wins face-off versus Jean-Gabriel Pageau in neutral zone.
0:26 of 2nd period - Nick Bjugstad is hit by Kevin Shattenkirk and loses puck.
0:33 of 2nd period - Wrist shot by Greg Stewart.
0:33 of 2nd period - Stopped by James Reimer without a rebound.
0:34 of 2nd period - Ryan Nugent-Hopkins wins face-off versus Mika Zibanejad in Oilers zone.
0:34 of 2nd period - Ryan Nugent-Hopkins is hit by Greg Stewart.
1:10 of 2nd period - Wrist shot by Leon Draisaitl.
1:10 of 2nd period - Shot Misses the Net.
1:54 of 2nd period - Snap shot by Claude Giroux.
1:54 of 2nd period - Shot Blocked by Adam Fox.
2:08 of 2nd period - Slapshot by Mattias Tedenby.
2:08 of 2nd period - Shot Blocked by Dennis Everberg.
3:07 of 2nd period - Icing by Kevin Shattenkirk.
3:08 of 2nd period - Ryan Nugent-Hopkins wins face-off versus Mike Richards in Canadiens zone.
3:23 of 2nd period - Backhand shot by Claude Giroux.
3:23 of 2nd period - Stopped by Robin Lehner without a rebound.
3:24 of 2nd period - Connor McDavid wins face-off versus Mika Zibanejad in Canadiens zone.
3:40 of 2nd period - Wrist shot by Leon Draisaitl.
3:40 of 2nd period - Shot Misses the Net.
4:08 of 2nd period - Sean Zimmerman is hit by Jake Gardiner and loses puck.
4:15 of 2nd period - Jean-Gabriel Pageau is hit by David Pastrnak and loses puck.
5:20 of 2nd period - Slapshot by Chris Kreider.
5:20 of 2nd period - Stopped by James Reimer without a rebound.
5:21 of 2nd period - Connor McDavid wins face-off versus Mika Zibanejad in Oilers zone.
6:52 of 2nd period - Snap shot by Mika Zibanejad.
6:52 of 2nd period - Stopped by James Reimer without a rebound.
6:53 of 2nd period - Mika Zibanejad wins face-off versus Ryan Getzlaf in Oilers zone.
7:18 of 2nd period - James Neal is hit by Greg Stewart and loses puck.
7:29 of 2nd period - Wrist shot by James Neal.
7:29 of 2nd period - Deflect By Mark Stone.
7:29 of 2nd period - Shot Blocked by Adam Fox.
7:29 of 2nd period - Puck is out of play.
7:30 of 2nd period - David Pastrnak wins face-off versus Jean-Gabriel Pageau in Canadiens zone.
8:06 of 2nd period - Wrist shot by Mike Richards.
8:06 of 2nd period - Deflect By Rickard Rakell.
8:06 of 2nd period - Shot Misses the Net.
8:06 of 2nd period - Puck is out of play.
8:07 of 2nd period - Mika Zibanejad wins face-off versus Connor McDavid in Oilers zone.
9:23 of 2nd period - Wrist shot by Corban Knight.
9:23 of 2nd period - Shot Blocked by Dalton Prout.
9:25 of 2nd period - Slapshot by Adam Fox.
9:25 of 2nd period - Shot Misses the Net.
9:27 of 2nd period - Wrist shot by Mattias Tedenby.
9:27 of 2nd period - Stopped by James Reimer with a rebound.
9:29 of 2nd period - Snap shot by Mattias Tedenby.
9:29 of 2nd period - Shot Misses the Net.
9:41 of 2nd period - Snap shot by Greg Stewart.
9:41 of 2nd period - Shot Misses the Net.
9:43 of 2nd period - Snap shot by Mika Zibanejad.
9:43 of 2nd period - Stopped by James Reimer with a rebound.
9:45 of 2nd period - Snap shot by Jordan Szwarz.
9:45 of 2nd period - Shot Misses the Net.
9:47 of 2nd period - Snap shot by Jordan Szwarz.
9:47 of 2nd period - Shot Blocked by Dalton Prout.
9:49 of 2nd period - Slapshot by Mark Stuart.
9:49 of 2nd period - Shot Blocked by Leon Draisaitl.
10:47 of 2nd period - Snap shot by Peter Mueller.
10:47 of 2nd period - Stopped by Robin Lehner with a rebound.
10:49 of 2nd period - Wrist shot by Dennis Everberg.
10:49 of 2nd period - Deflect By Zach Hyman.
10:49 of 2nd period - Oilers goal is going for a video replay.
10:49 of 2nd period - The goal is refused. The referee deems the play has been stopped, even if he had not physically had the opportunity to stop play by blowing his whistle..
10:50 of 2nd period - Mika Zibanejad wins face-off versus David Pastrnak in Canadiens zone.
12:16 of 2nd period - Slapshot by Claude Giroux.
12:16 of 2nd period - Shot Misses the Net.
12:18 of 2nd period - Slapshot by Tobias Enstrom.
12:18 of 2nd period - Stopped by Robin Lehner with a rebound.
12:20 of 2nd period - Slapshot by Tobias Enstrom.
12:20 of 2nd period - Shot Misses the Net.
12:40 of 2nd period - Wrist shot by Mika Zibanejad.
12:40 of 2nd period - Shot Hit the Post.
12:42 of 2nd period - Snap shot by Nikita Kucherov.
12:42 of 2nd period - Stopped by James Reimer without a rebound.
12:43 of 2nd period - Connor McDavid wins face-off versus Jean-Gabriel Pageau in Oilers zone.
13:12 of 2nd period - Icing by Claude Giroux.
13:13 of 2nd period - Ryan Nugent-Hopkins wins face-off versus Mika Zibanejad in Oilers zone.
13:34 of 2nd period - Snap shot by Greg Stewart.
13:34 of 2nd period - Stopped by James Reimer with a rebound.
13:45 of 2nd period - Slapshot by David Pastrnak.
13:45 of 2nd period - Shot Blocked by Greg Stewart.
14:01 of 2nd period - Wrist shot by Adam Fox.
14:01 of 2nd period - Shot Blocked by Trevor Daley.
14:45 of 2nd period - Snap shot by Claude Giroux.
14:45 of 2nd period - Stopped by Robin Lehner without a rebound.
14:46 of 2nd period - Jean-Gabriel Pageau wins face-off versus Connor McDavid in Canadiens zone.
15:00 of 2nd period - Off-side.
15:01 of 2nd period - Ryan Getzlaf wins face-off versus Mike Richards in neutral zone.
15:15 of 2nd period - Off-side.
15:16 of 2nd period - Connor McDavid wins face-off versus Jean-Gabriel Pageau in neutral zone.
15:19 of 2nd period - Wrist shot by Jake Gardiner.
15:19 of 2nd period - Shot Blocked by Kevin Shattenkirk.
15:21 of 2nd period - Slapshot by Brady Skjei.
15:21 of 2nd period - Shot Blocked by Jean-Gabriel Pageau.
15:27 of 2nd period - Snap shot by Connor McDavid.
15:27 of 2nd period - Stopped by Robin Lehner without a rebound.
15:28 of 2nd period - Jean-Gabriel Pageau wins face-off versus Connor McDavid in Canadiens zone.
16:45 of 2nd period - Icing by Sean Zimmerman.
16:46 of 2nd period - Mika Zibanejad wins face-off versus Ryan Nugent-Hopkins in Canadiens zone.
16:57 of 2nd period - Snap shot by Jordan Szwarz.
16:57 of 2nd period - Stopped by James Reimer with a rebound.
16:59 of 2nd period - Slapshot by Brian Dumoulin.
16:59 of 2nd period - Goal by Brian Dumoulin - Canadiens : 1 - Oilers : 0.
17:00 of 2nd period - Ryan Nugent-Hopkins wins face-off versus Jean-Gabriel Pageau in neutral zone.
17:15 of 2nd period - Slapshot by Ryan Nugent-Hopkins.
17:15 of 2nd period - Shot Misses the Net.
17:17 of 2nd period - Slapshot by Ryan Nugent-Hopkins.
17:17 of 2nd period - Shot Misses the Net.
17:23 of 2nd period - Minor Penalty to Jean-Gabriel Pageau for Elbowing.
17:24 of 2nd period - Mike Richards wins face-off versus Connor McDavid in Canadiens zone.
18:01 of 2nd period - Snap shot by Claude Giroux.
18:01 of 2nd period - Stopped by Robin Lehner without a rebound.
18:02 of 2nd period - Mike Richards wins face-off versus Connor McDavid in Canadiens zone.
18:28 of 2nd period - Icing by Leon Draisaitl.
18:29 of 2nd period - Mike Richards wins face-off versus Connor McDavid in Oilers zone.
18:50 of 2nd period - Wrist shot by Brandon Bollig.
18:50 of 2nd period - Stopped by James Reimer with a rebound.
19:23 of 2nd period - Penalty to Jean-Gabriel Pageau is over, Jean-Gabriel Pageau is back on ice.
19:32 of 2nd period - Snap shot by Mika Zibanejad.
19:32 of 2nd period - Stopped by James Reimer with a rebound.
19:34 of 2nd period - Snap shot by Kevin Shattenkirk.
19:34 of 2nd period - Shot Blocked by Jake Gardiner.
Goals for this period are 1 for Canadiens vs 0 for Oilers.
Shots for this period are 11 for Canadiens vs 7 for Oilers.
3rd period
0:01 of 3rd period - Jean-Gabriel Pageau wins face-off versus Ryan Nugent-Hopkins in neutral zone.
0:08 of 3rd period - Wrist shot by Claude Giroux.
0:08 of 3rd period - Goal by Claude Giroux - Canadiens : 1 - Oilers : 1.
0:09 of 3rd period - Claude Giroux wins face-off versus Jean-Gabriel Pageau in neutral zone.
0:17 of 3rd period - Minor Penalty to Chris Kreider for Hooking.
0:18 of 3rd period - Connor McDavid wins face-off versus Mike Richards in Canadiens zone.
0:20 of 3rd period - Wrist shot by Connor McDavid.
0:20 of 3rd period - Stopped by Robin Lehner with a rebound.
0:22 of 3rd period - Slapshot by Brady Skjei.
0:22 of 3rd period - Stopped by Robin Lehner with a rebound.
0:24 of 3rd period - Slapshot by Brady Skjei.
0:24 of 3rd period - Shot Blocked by Cam Fowler.
0:30 of 3rd period - Snap shot by Leon Draisaitl.
0:30 of 3rd period - Shot Blocked by Cam Fowler.
0:34 of 3rd period - Slapshot by Connor McDavid.
0:34 of 3rd period - Stopped by Robin Lehner with a rebound.
0:52 of 3rd period - Slapshot by Cam Barker.
0:52 of 3rd period - Deflect By Ryan Nugent-Hopkins.
0:52 of 3rd period - Shot Blocked by Mark Stuart.
0:52 of 3rd period - Puck is out of play.
0:53 of 3rd period - Ryan Nugent-Hopkins wins face-off versus Corban Knight in Canadiens zone.
2:17 of 3rd period - Penalty to Chris Kreider is over, Chris Kreider is back on ice.
2:46 of 3rd period - James Neal is hit by Chris Kreider and loses puck.
3:14 of 3rd period - James Neal is hit by Scott Hartnell and loses puck.
3:21 of 3rd period - Cam Fowler is hit by James Neal and loses puck.
4:19 of 3rd period - Snap shot by Mark Stone.
4:19 of 3rd period - Stopped by Robin Lehner without a rebound.
4:20 of 3rd period - Ryan Nugent-Hopkins wins face-off versus Mika Zibanejad in Canadiens zone.
5:03 of 3rd period - Wrist shot by David Pastrnak.
5:03 of 3rd period - Stopped by Robin Lehner without a rebound.
5:04 of 3rd period - Mika Zibanejad wins face-off versus Connor McDavid in Canadiens zone.
5:36 of 3rd period - Backhand shot by Brandon Bollig.
5:36 of 3rd period - Stopped by James Reimer without a rebound.
5:37 of 3rd period - Peter Mueller wins face-off versus Mattias Tedenby in Oilers zone.
6:02 of 3rd period - Snap shot by Corban Knight.
6:02 of 3rd period - Stopped by James Reimer without a rebound.
6:03 of 3rd period - Ryan Nugent-Hopkins wins face-off versus Mika Zibanejad in Oilers zone.
6:44 of 3rd period - Snap shot by David Pastrnak.
6:44 of 3rd period - Deflect By Greg Stewart.
6:44 of 3rd period - Stopped by Robin Lehner with a rebound.
7:36 of 3rd period - Slapshot by Jordan Szwarz.
7:36 of 3rd period - Shot Blocked by Jake Gardiner.
7:40 of 3rd period - Snap shot by Greg Stewart.
7:40 of 3rd period - Stopped by James Reimer with a rebound.
7:42 of 3rd period - Wrist shot by Mika Zibanejad.
7:42 of 3rd period - Shot Misses the Net.
7:44 of 3rd period - Slapshot by Jordan Szwarz.
7:44 of 3rd period - Deflect By Mika Zibanejad.
7:44 of 3rd period - Shot Misses the Net.
7:44 of 3rd period - Puck is out of play.
7:45 of 3rd period - Jean-Gabriel Pageau wins face-off versus Connor McDavid in Oilers zone.
8:51 of 3rd period - Backhand shot by Connor McDavid.
8:51 of 3rd period - Shot Misses the Net.
8:53 of 3rd period - Backhand shot by Trevor Daley.
8:53 of 3rd period - Stopped by Robin Lehner with a rebound.
9:05 of 3rd period - James Neal is hit by Rickard Rakell and loses puck.
9:18 of 3rd period - Peter Mueller is hit by Kevin Shattenkirk and loses puck.
11:14 of 3rd period - Jean-Gabriel Pageau is hit by Claude Giroux and loses puck.
11:35 of 3rd period - Ryan Getzlaf is hit by Kevin Shattenkirk and loses puck.
11:44 of 3rd period - Scott Hartnell is hit by James Neal.
12:00 of 3rd period - Slapshot by Cam Barker.
12:00 of 3rd period - Deflect By Peter Mueller.
12:00 of 3rd period - Deflect By Brian Dumoulin.
12:00 of 3rd period - Stopped by Robin Lehner with a rebound.
12:02 of 3rd period - Snap shot by Peter Mueller.
12:02 of 3rd period - Shot Misses the Net.
12:04 of 3rd period - Backhand shot by Zach Hyman.
12:04 of 3rd period - Stopped by Robin Lehner without a rebound.
12:05 of 3rd period - Corban Knight wins face-off versus Ryan Nugent-Hopkins in Canadiens zone.
12:05 of 3rd period - Corban Knight is hit by David Pastrnak.
12:37 of 3rd period - Wrist shot by Leon Draisaitl.
12:37 of 3rd period - Shot Misses the Net.
12:39 of 3rd period - Wrist shot by Leon Draisaitl.
12:39 of 3rd period - Shot Blocked by Greg Stewart.
12:57 of 3rd period - Chris Kreider is hit by Mark Stone and loses puck.
13:16 of 3rd period - Double Minor Penalty to Trevor Daley for Boarding.
13:17 of 3rd period - Mika Zibanejad wins face-off versus Connor McDavid in Oilers zone.
13:22 of 3rd period - Snap shot by Chris Kreider.
13:22 of 3rd period - Shot Misses the Net.
13:40 of 3rd period - Minor Penalty to Adam Fox for Interference.
13:41 of 3rd period - Jean-Gabriel Pageau wins face-off versus Connor McDavid in Canadiens zone.
15:40 of 3rd period - Penalty to Adam Fox is over, Adam Fox is back on ice.
17:16 of 3rd period - Penalty to Trevor Daley is over, Trevor Daley is back on ice.
18:58 of 3rd period - David Pastrnak is hit by Jordan Szwarz and loses puck.
19:15 of 3rd period - Dennis Everberg is hit by Corban Knight and loses puck.
19:24 of 3rd period - Brian Dumoulin is hit by Claude Giroux.
Goals for this period are 0 for Canadiens vs 1 for Oilers.
Shots for this period are 3 for Canadiens vs 10 for Oilers.
Overtime #1
0:01 of 1st overtime period - Connor McDavid wins face-off versus Jean-Gabriel Pageau in neutral zone.
0:08 of 1st overtime period - Snap shot by Connor McDavid.
0:08 of 1st overtime period - Stopped by Robin Lehner without a rebound.
0:09 of 1st overtime period - Claude Giroux wins face-off versus Jean-Gabriel Pageau in Canadiens zone.
0:16 of 1st overtime period - Snap shot by Claude Giroux.
0:16 of 1st overtime period - Stopped by Robin Lehner with a rebound.
0:28 of 1st overtime period - Chris Kreider is hit by Jake Gardiner and loses puck.
0:33 of 1st overtime period - Snap shot by Connor McDavid.
0:33 of 1st overtime period - Shot Misses the Net.
0:35 of 1st overtime period - Snap shot by Claude Giroux.
0:35 of 1st overtime period - Goal by Claude Giroux - Canadiens : 1 - Oilers : 2.
Goals for this period are 0 for Canadiens vs 1 for Oilers.
Shots for this period are 0 for Canadiens vs 3 for Oilers.